 Dungeon Crawl Stone Soup version 0.20.1-1-g8b1a95d (webtiles) character file.

105991 Gremour the Carver (level 15, -2/120 HPs)
             Began as a Demonspawn Fighter on Dec 20, 2017.
             Was the Champion of Yredelemnul.
             Killed from afar by Nikola (29 damage)
             ... with a chain lightning
             ... on level 3 of the Snake Pit on Dec 21, 2017.
             The game lasted 03:19:29 (29009 turns).

Gremour the Carver (Demonspawn Fighter)            Turns: 29009, Time: 03:19:30

Health: -2/120     AC: 29    Str: 16    XL:     15   Next: 96%
Magic:  22/22      EV: 15    Int: 11    God:    Yredelemnul [******]
Gold:   2121       SH: 11    Dex: 20    Spells: 14/14 levels left

rFire    . . .     SeeInvis .   b - +2 scimitar of the Scavenger {slice, rPois MR+}
rCold    + . .     Gourm    .   d - +2 buckler {rN+}
rNeg     + . .     Faith    .   p - +8 chain mail {rC+}
rPois    +         Spirit   .   q - +2 helmet
rElec    .         Reflect  +   J - scarf {repulsion}
rCorr    .         Harm     .   Z - +2 pair of gloves
MR       +++..                  (no boots)
Stlth    ..........             r - +2 amulet of reflection
Regen    0.3/turn               F - +3 ring of evasion
MPRegen  0.2/turn               K - ring of protection from magic

@: repel missiles
A: hooves 2, thin metallic scales 2, agile 1, demonic guardian 2, low mp 1,
mutation resistance 1, sense surroundings 1, spiny 3
a: Recall Undead Slaves, Injury Mirror, Animate Dead, Drain Life, Enslave Soul,
Renounce Religion


You were on level 3 of the Snake Pit.
You worshipped Yredelemnul.
Yredelemnul was exalted by your worship.
You were not hungry.

You visited 5 branches of the dungeon, and saw 27 of its levels.
You also visited: Labyrinth, Sewer and Volcano.

You collected 2718 gold pieces.
You spent 597 gold pieces at shops.

Inventory:

Hand Weapons
 a - the +4 long sword of Xemoc {flame, rC+}
   (You bought it in a shop on level 2 of the Orcish Mines)

   It has been specially enchanted to burn those struck by it, causing extra
   injury to most foes and up to half again as much damage against particularly
   susceptible opponents.
   Big, fiery blades are also staple armaments of hydra-hunters.
   It protects you from cold.
 b - the +2 scimitar of the Scavenger (weapon) {slice, rPois MR+}
   (You found it on level 6 of the Lair of Beasts)

   It inflicts extra damage upon your enemies.
   It protects you from poison.
   It affects your resistance to hostile enchantments.
 c - a +0 demon blade of flaming
Missiles
 s - 5 steel javelins (quivered)
Armour
 d - a +2 buckler of positive energy (worn)
 p - a +8 chain mail of cold resistance (worn)
 q - a +2 helmet (worn)
 J - a scarf of repulsion (worn)
 O - a +4 scale mail of fire resistance
 Z - a +2 pair of gloves (worn)
Jewellery
 j - an uncursed ring of protection from cold
 r - a +2 amulet of reflection (around neck)
 F - a +3 ring of evasion (left hand)
 H - an uncursed ring of positive energy
 K - a ring of protection from magic (right hand)
 M - an uncursed ring of fire
 S - an uncursed ring of see invisible
Wands
 n - a wand of flame (35/48)
 D - a wand of digging (15/24)
 P - a wand of scattershot (5/9)
 Q - a wand of acid (10/15)
 Y - a wand of iceblast (3/15)
Scrolls
 g - 12 scrolls of remove curse
 h - 2 scrolls of recharging
 i - 10 scrolls of identify
 l - a scroll of brand weapon
 w - a scroll of magic mapping
 x - 6 scrolls of blinking
 y - 3 scrolls of fear
 A - 7 scrolls of teleportation
Potions
 e - 5 potions of mutation
 t - 3 potions of agility
 u - 3 potions of brilliance
 z - 4 potions of flight
 B - 3 potions of heal wounds
 E - a potion of might
 L - 3 potions of haste
 N - 2 potions of resistance
 U - a potion of cancellation
 V - a potion of lignification
 W - a potion of curing
Miscellaneous
 m - a phial of floods
 v - a lamp of fire
Comestibles
 f - 17 bread rations
 k - 26 royal jellies
 o - 8 meat rations


   Skills:
 + Level 11.8 Fighting
 - Level 14.0 Long Blades
 + Level 5.1 Throwing
 * Level 9.6 Armour
 * Level 7.7 Dodging
 - Level 9.2 Shields
 + Level 13.8 Invocations
 * Level 9.3 Evocations


You had 14 spell levels left.
You didn't know any spells.

Dungeon Overview and Level Annotations

Branches:
Dungeon (15/15)            Temple (1/1) D:5            Lair (6/6) D:8
  Swamp (0/4) Lair:4        Snake (3/4) Lair:2        Slime (0/5) Lair:6
    Orc (2/2) D:11            Elf (0/3) Orc:2        Vaults (0/5) D:13
 Depths (0/5) D:15

Altars:
Ashenzari
Cheibriados
Dithmenos
Elyvilon
Fedhas
Gozag
Hepliaklqana
Kikubaaqudgha
Makhleb
Nemelex Xobeh
Okawaru
Qazlal
Ru
Sif Muna
Trog
Uskayaw
Vehumet
Xom
Yredelemnul
Zin
The Shining One
Beogh
Jiyva

Shops:
D:5 *   Orc:2 *:*[(

Annotations:
D:6 exclusion: statue
Snake:3 Nikola


Innate Abilities, Weirdness & Mutations

You have hoof-like feet.
You are mostly covered in thin metallic scales. (AC +3)
A demonic guardian rushes to your aid.
You are completely covered in sharp spines.
You are agile. (Dex +2)
Your magical capacity is low. (-10% MP)
You are somewhat resistant to further mutation.
You passively map a small area around you.


Message History

You see here 17 gold pieces.
You now have 2121 gold pieces (gained 17).
Press: ? - help, v - describe, . - travel
Here: Nikola, wielding a rapier of electrocution, wearing a glowing cloak and wearing a pair of gloves (lightly wounded)
The floor.
Evoke which item? (* to show all) (? for menu, Esc to quit)
Aiming: Corrosive Bolt
Press: ? - help, Shift-Dir - straight line, f - Nikola
Aim: Nikola, wielding a rapier of electrocution, wearing a glowing cloak and wearing a pair of gloves (lightly wounded)
The bolt of acid hits Nikola.
Nikola is splashed with acid.
Nikola is lightly wounded.
This wand has 10 charges left.
Nikola gestures wildly while chanting.
You hear a mighty clap of thunder!
The lightning arc hits you!
The lightning arc hits Nikola.
The lightning arc hits you!
* * * LOW HITPOINT WARNING * * *
The lightning arc hits Nikola.
The lightning arc hits you!
You die...
Your body rises from the dead as a mindless zombie.

##....# # *
#./..## #
###..### #
##....# # ,,
#########..#.##
#
,............##
##
.......@.#.##
##. *
.........###
###..
*######.@##
#[... #.##
##..# #. **
#### #. #. **
#. * , ** * #.
, * .# * *


You could see Nikola.

Vanquished Creatures
  A nagaraja (Snake:3)
  An orc warlord (Orc:1)
  A ghoul (D:13)
  A minotaur (Lab)
  3 naga warriors
  Erolcha (Orc:1)
  4 hydras
  5 centaur warriors
  A death knight (D:12)
  A dancing weapon (Volcano)
  2 anacondas (Snake:1)
  4 two-headed ogres
  3 shock serpents
  Nergalle (Lair:1)
  A skeletal warrior (D:13)
  A sea snake (Lair:6)
  4 wizards (Volcano)
  3 unseen horrors
  A lindwurm (Orc:1)
  2 phantasmal warriors (D:12)
  An orc knight (Orc:2)
  4 ugly things
  3 salamanders (Snake:2)
  3 orc sorcerers
  A manticore (D:13)
  A wolf spider zombie (D:15)
  3 harpies
  2 mana vipers
  3 toenail golems (Volcano)
  A cyclops (D:15)
  4 elephants
  15 black mambas
  2 naga magi
  A torpor snail (Lair:6)
  2 spiny frogs
  A gargoyle (D:10)
  A rime drake (Lair:6)
  An efreet (D:15)
  7 komodo dragons
  4 trolls
  A polar bear (Lair:4)
  A hornet (Lair:6)
  9 blink frogs
  2 dream sheep (Lair:4)
  14 slime creatures
  6 hippogriffs
  A spriggan (Lair:2)
  4 wraiths
  4 flying skulls (Lair:3)
  A basilisk (D:15)
  2 wyverns
  A hog (D:7)
  A fire bat (shapeshifter) (D:12)
  16 yaks
  2 steam dragons (D:8)
  4 hungry ghosts
  5 vampire mosquitoes (Lair:4)
  5 nagas
  A soldier ant (D:12)
  5 porcupines
  Purgy (Sewer)
  3 water moccasins
  2 ice beasts (D:8)
  16 orc warriors
  5 sky beasts
  3 ogres
  3 phantoms
  A wolf (Lair:2)
  12 centaurs
  An eye of draining (D:11)
  10 crocodiles
  A big kobold (D:9)
  8 bullfrogs
  A wyvern zombie (D:8)
  A water moccasin zombie (Lair:3)
  6 scorpions
  22 killer bees
  3 troll zombies (D:11)
  5 wights
  A howler monkey (D:6)
  9 crimson imps
  2 bullfrog zombies
  2 centaur zombies
  2 quasits
  4 lava snakes (Lab)
  6 hounds
  16 orc priests
  14 orc wizards
  3 bullfrog skeletons
  An iron imp (D:7)
  5 jellies
  3 centaur skeletons
  3 iguanas
  5 worker ants
  Ijyb (D:4)
  2 killer bee zombies
  4 ogre zombies (D:11)
  A crocodile skeleton (Lair:3)
  2 hound skeletons
  2 mummies (D:13)
  2 worker ant zombies
  Robin (D:2)
  11 adders
  A shadow imp (D:15)
  An ooze (D:4)
  An adder skeleton (D:6)
  4 worms
  3 dart slugs
  3 leopard geckos
  40 orcs
  8 giant cockroaches
  16 goblins
  8 hobgoblins
  15 jackals
  2 quokkas
  6 ball pythons
  4 bats
  8 frilled lizards
  A goblin skeleton (D:11)
  A goblin zombie (D:11)
  3 hobgoblin skeletons (D:11)
  3 hobgoblin zombies (D:11)
  19 kobolds
  7 orc zombies
  A quokka zombie (D:7)
  11 rats
  A butterfly (Lair:5)
  2 fungi
561 creatures vanquished.

Vanquished Creatures (collateral kills)
  Kirke (D:14)
  A nagaraja (Snake:2)
  Aizul (Snake:2)
  A stone giant (Orc:2)
  Nessos (Lair:6)
  Snorg (D:14)
  An ettin (Orc:2)
  A fire dragon (D:15)
  3 naga warriors (Snake:2)
  3 hydras
  An ice dragon (D:15)
  A merfolk avatar (Lair:6)
  3 centaur warriors
  An anaconda (Snake:1)
  7 two-headed ogres
  2 dancing weapons (D:13)
  The ghost of letownia2 the Reanimator, a novice DDNe of Gozag (D:9)
  4 orc high priests (Orc:2)
  2 shock serpents
  An ogre mage (D:14)
  Urug (Orc:1)
  A naga sharpshooter (Snake:3)
  Sonja (Orc:2)
  A skeletal warrior (D:13)
  A harpy (D:15)
  2 orc knights
  A naga ritualist (Snake:2)
  A wizard (Volcano)
  A mana viper (Snake:1)
  2 manticores
  2 orc sorcerers
  3 ugly things
  4 oklob plants (Lair:3)
  2 salamanders
  8 slime creatures
  7 black mambas
  5 elephants
  2 toenail golems (Volcano)
  2 guardian serpents (Snake:2)
  A centaur skeleton (D:11)
  2 gargoyles
  5 naga magi (Snake:1)
  2 rime drakes
  3 spiny frogs
  3 komodo dragons (Lair:6)
  A tengu conjurer (D:15)
  3 trolls
  A queen bee (Lair:1)
  A wind drake (Lair:6)
  5 polar bears
  A hornet (D:12)
  13 blink frogs
  2 dream sheep (Lair:4)
  6 hippogriffs
  A wyvern (D:8)
  A wraith (D:8)
  15 yaks
  A human (D:7)
  A shadow (D:15)
  A basilisk (Lair:6)
  4 hogs
  6 vampire mosquitoes
  3 wargs
  A two-headed ogre zombie (D:11)
  5 water moccasins
  A spiny frog zombie (Lair:3)
  13 nagas
  A water moccasin (shapeshifter) (D:15)
  15 orc warriors
  An ice beast (D:10)
  A sky beast (D:11)
  A black bear (Lair:2)
  7 ogres
  4 phantoms
  2 wolves
  6 centaurs
  9 crocodiles
  A big kobold (D:11)
  9 bullfrogs
  2 scorpions
  11 killer bees
  2 electric eels (Lair:2)
  A crimson imp (D:13)
  3 centaur zombies
  A bullfrog zombie (D:13)
  A jelly (D:10)
  A bullfrog skeleton (D:12)
  9 orc priests
  A hound (D:8)
  16 orc wizards
  A worker ant (D:13)
  An adder (D:9)
  A shadow imp (D:15)
  37 orcs
  A jackal (D:10)
  3 kobolds (D:11)
  A quokka (D:9)
  3 goblin zombies (D:11)
  3 hobgoblin skeletons (D:11)
  A hobgoblin zombie (D:11)
  An orc skeleton (D:11)
  3 orc zombies (D:11)
  2 butterflies (Lair:5)
  12 fungi
  19 plants
380 creatures vanquished.

Vanquished Creatures (others)
  A bone dragon (D:15)
  A ghoul (D:15)
  A vampire knight (D:15)
  3 skeletal warriors
  2 flayed ghosts
  2 phantasmal warriors
  An ugly thing zombie (D:12)
  A wizard (D:9)
  A stone giant zombie (Orc:2)
  A ghoul skeleton (D:15)
  5 centaur zombies
  2 hydra zombies
  A guardian serpent zombie (Snake:3)
  A harpy skeleton (D:15)
  14 flying skulls
  6 black mamba zombies
  5 vampires
  A wraith (Orc:2)
  A two-headed ogre zombie (Orc:2)
  A naga (Snake:3)
  2 blink frog zombies
  An orc warrior (Orc:2)
  A lindwurm zombie (Orc:1)
  2 dream sheep zombies (Lair:4)
  An elephant zombie (Lair:6)
  A manticore zombie (Lair:6)
  A blink frog skeleton (Lair:5)
  A centaur (D:15)
  A komodo dragon zombie (Lair:6)
  A wyvern zombie (Lair:6)
  A water moccasin zombie (Lair:6)
  A warg zombie (Orc:2)
  A queen bee zombie (Lair:1)
  A water moccasin skeleton (Lair:6)
  3 yak zombies
  A troll zombie (D:15)
  2 killer bees (D:8)
  A wight (D:11)
  2 basilisk zombies
  9 killer bee zombies
  A big kobold zombie (D:11)
  6 naga zombies
  3 ogre zombies
  4 crocodile zombies
  A crocodile skeleton (D:8)
  2 mummies
  2 scorpion zombies
  An adder zombie (D:8)
  A jackal skeleton (D:8)
  2 jackal zombies
  5 kobold zombies
  2 orc skeletons
  44 orc zombies
  12 fungi
  11 plants
182 creatures vanquished.

Grand Total: 1123 creatures vanquished

Notes
Turn   | Place    | Note
-------+----------+-------------------------------------------
     0 | D:1      | Gremour the Demonspawn Fighter began the quest for the Orb.
     0 | D:1      | Reached XP level 1. HP: 18/18 MP: 1/1
    19 | D:1      | Reached skill level 2 in Long Blades
   140 | D:1      | Gained mutation: You are partially covered in thin metallic scales. (AC +2) [demonic ancestry]
   140 | D:1      | Reached XP level 2. HP: 24/24 MP: 2/2
   362 | D:1      | Reached skill level 3 in Long Blades
   723 | D:2      | Noticed Robin
   730 | D:2      | Gained mutation: You are partially covered in sharp spines. [demonic ancestry]
   730 | D:2      | Reached XP level 3. HP: 29/29 MP: 3/3
   759 | D:2      | Killed Robin
  1087 | D:2      | Reached skill level 4 in Long Blades
  1087 | D:2      | Gained mutation: You are mostly covered in sharp spines. [demonic ancestry]
  1087 | D:2      | Reached XP level 4. HP: 27/35 MP: 4/4
  1121 | D:2      | Found a hazy altar of Hepliaklqana.
  1575 | D:3      | Found a glowing drain.
  1609 | Sewer    | Entered a sewer
  1689 | Sewer    | Noticed Purgy
  1709 | Sewer    | Killed Purgy
  1709 | Sewer    | Reached skill level 5 in Long Blades
  1709 | Sewer    | Gained mutation: You are mostly covered in thin metallic scales. (AC +3) [demonic ancestry]
  1709 | Sewer    | Reached XP level 5. HP: 14/41 MP: 5/5
  2443 | D:3      | Gained mutation: A weak demonic guardian rushes to your aid. [demonic ancestry]
  2443 | D:3      | Reached XP level 6. HP: 45/47 MP: 6/6
  3361 | D:4      | Reached skill level 6 in Long Blades
  3751 | D:4      | Found a shattered altar of Ashenzari.
  4024 | D:4      | Noticed a two-headed ogre
  4381 | D:5      | Entered Level 5 of the Dungeon
  4432 | D:5      | Found Wanoaz's General Store.
  4449 | D:5      | Found a staircase to the Ecumenical Temple.
  4476 | Temple   | Entered the Ecumenical Temple
  4526 | D:5      | Bought a +0 long sword of slicing for 93 gold pieces
  4773 | D:5      | Reached skill level 7 in Long Blades
  4773 | D:5      | Gained mutation: You have large cloven feet. [demonic ancestry]
  4773 | D:5      | Reached XP level 7. HP: 40/52 MP: 7/7
  5031 | D:5      | Reached skill level 8 in Long Blades
  5360 | D:5      | Found a sparkling altar of Nemelex Xobeh.
  5677 | D:5      | Gained mutation: A demonic guardian rushes to your aid. [demonic ancestry]
  5677 | D:5      | Reached XP level 8. HP: 51/58 MP: 8/8
  5857 | D:4      | Killed a two-headed ogre
  5857 | D:4      | Reached skill level 10 in Long Blades
  6046 | D:4      | Noticed Ijyb
  6054 | D:4      | Killed Ijyb
  6312 | D:6      | Found a basalt altar of Yredelemnul.
  6320 | D:6      | Became a worshipper of Yredelemnul the Dark
  6610 | D:6      | Reached XP level 9. HP: 63/63 MP: 9/9
  6644 | D:6      | Found a radiant altar of Vehumet.
  6888 | D:7      | Reached skill level 11 in Long Blades
  6891 | D:7      | Found an ancient bone altar of Kikubaaqudgha.
  7037 | D:7      | Gained mutation: You passively map a small area around you. [mutagenic meat]
  7039 | D:7      | Gained mutation: Your magical capacity is low. (-10% MP) [mutagenic meat]
  7040 | D:7      | Gained mutation: You tend to lose your temper in combat. [mutagenic meat]
  7217 | D:7      | Reached * piety under Yredelemnul
  7299 | D:7      | Found a snail-covered altar of Cheibriados.
  7685 | D:8      | Found a burning altar of Makhleb.
  7698 | D:8      | Reached skill level 1 in Invocations
  7736 | D:8      | Reached skill level 12 in Long Blades
  7776 | D:8      | Found a shadowy altar of Dithmenos.
  7891 | D:8      | Reached ** piety under Yredelemnul
  8179 | D:8      | Gained mutation: You have hoof-like feet. [demonic ancestry]
  8179 | D:8      | Reached XP level 10. HP: 67/70 MP: 10/10
  8213 | D:8      | Reached skill level 5 in Shields
  8227 | D:8      | Found a staircase to the Lair.
  8623 | D:9      | Reached skill level 5 in Invocations
  8762 | D:9      | Found a bloodstained altar of Trog.
  8763 | D:9      | Noticed a wizard
  8768 | D:9      | Killed a wizard
  8828 | D:9      | Found a glowing golden altar of the Shining One.
  8956 | D:9      | Noticed letownia2's ghost (novice DDNe)
  8992 | D:9      | Killed letownia2's ghost
  9477 | D:10     | Entered Level 10 of the Dungeon
  9513 | D:10     | Reached *** piety under Yredelemnul
  9609 | D:10     | Killed an unseen horror
 10037 | D:10     | Noticed a gargoyle
 10046 | D:10     | Killed a gargoyle
 10063 | D:10     | Found a sacrificial altar of Ru.
 10072 | D:10     | Reached XP level 11. HP: 35/75 MP: 15/15
 10557 | D:11     | Noticed a brown ugly thing
 10560 | D:11     | Killed a brown ugly thing
 10564 | D:11     | Gained mutation: You are weak. (Str -2) [mutagenic meat]
 10565 | D:11     | Gained mutation: Armour fits poorly on your strangely shaped body. [mutagenic meat]
 10566 | D:11     | Lost mutation: You tend to lose your temper in combat. [mutagenic meat]
 10567 | D:11     | Lost mutation: You are weak. (Str -2) [potion of mutation]
 10567 | D:11     | Lost mutation: Armour fits poorly on your strangely shaped body. [potion of mutation]
 10567 | D:11     | Gained mutation: You are agile. (Dex +2) [potion of mutation]
 10567 | D:11     | Gained mutation: You are somewhat resistant to further mutation. [potion of mutation]
 10700 | D:11     | Reached skill level 13 in Long Blades
 10726 | D:11     | Received a gift from Yredelemnul (a mummy)
 10735 | D:11     | Found a staircase to the Orcish Mines.
 10736 | D:11     | Reached **** piety under Yredelemnul
 10752 | D:11     | Received a gift from Yredelemnul (a wight)
 10857 | D:11     | Received a gift from Yredelemnul (3 flying skulls)
 11007 | D:11     | Noticed a cyan ugly thing
 11013 | D:11     | Killed a cyan ugly thing
 11512 | Orc:1    | Entered Level 1 of the Orcish Mines
 11512 | Orc:1    | Noticed an orc sorcerer
 11527 | Orc:1    | Noticed Erolcha
 11527 | Orc:1    | Killed an orc sorcerer
 11540 | Orc:1    | Killed Erolcha
 11548 | Orc:1    | Noticed a two-headed ogre
 11553 | Orc:1    | Killed a two-headed ogre
 11588 | Orc:1    | Found a roughly hewn altar of Beogh.
 11612 | Orc:1    | Noticed Urug
 11627 | Orc:1    | Killed Urug
 11694 | Orc:1    | Your ally Erolcha died
 11705 | Orc:1    | Noticed a lindwurm
 11713 | Orc:1    | Killed a lindwurm
 11716 | Orc:1    | Found a dark tunnel.
 11745 | Orc:1    | Found a radiant altar of Vehumet.
 11759 | Orc:1    | Reached ***** piety under Yredelemnul
 11789 | Volcano  | Entered a volcano
 11797 | Volcano  | Noticed LLlMATKO's ghost (journeyman MiBe)
 11953 | Volcano  | Noticed a mace of flaming
 11966 | Volcano  | Received a gift from Yredelemnul (a mummy)
 11986 | Volcano  | Killed a mace of flaming
 12088 | Volcano  | Noticed a wizard
 12089 | Volcano  | Noticed a wizard
 12098 | Volcano  | Killed a wizard
 12098 | Volcano  | Reached skill level 5 in Fighting
 12106 | Volcano  | Reached skill level 5 in Armour
 12111 | Volcano  | Killed a wizard
 12122 | Volcano  | Noticed a wizard
 12132 | Volcano  | Killed a wizard
 12167 | Volcano  | Noticed a wizard
 12172 | Volcano  | Killed a wizard
 12173 | Volcano  | Received a gift from Yredelemnul (a vampire)
 12348 | Volcano  | Noticed a wizard
 12362 | Volcano  | Killed a wizard
 12362 | Volcano  | Reached skill level 10 in Invocations
 12362 | Volcano  | Reached XP level 12. HP: 67/86 MP: 17/17
 12555 | Orc:1    | Found a roughly hewn altar of Beogh.
 12690 | Orc:1    | Received a gift from Yredelemnul (3 flying skulls)
 12699 | Orc:1    | Found a roughly hewn altar of Beogh.
 13048 | Orc:2    | Entered Level 2 of the Orcish Mines
 13048 | Orc:2    | Noticed a stone giant
 13053 | Orc:2    | Noticed an ettin
 13053 | Orc:2    | Noticed a two-headed ogre
 13059 | Orc:2    | Killed an ettin
 13071 | Orc:2    | Killed a two-headed ogre
 13072 | Orc:2    | Received a gift from Yredelemnul (a wraith)
 13073 | Orc:2    | Killed a stone giant
 13216 | Orc:2    | Found Hyeq's Assorted Antiques.
 13242 | Orc:2    | Bought a jewelled long sword for 238 gold pieces
 13242 | Orc:2    | Bought a jewelled shield for 266 gold pieces
 13242 | Orc:2    | Identified the +4 long sword of Xemoc {flame, rC+} (You bought it in a shop on level 2 of the Orcish Mines)
 13256 | Orc:2    | Identified the +0 shield of Demons {rF- rN++} (You bought it in a shop on level 2 of the Orcish Mines)
 13450 | Orc:2    | Found a staircase to the Elven Halls.
 13477 | Orc:2    | Noticed Sonja
 13483 | Orc:2    | Killed Sonja
 13486 | Orc:2    | Received a gift from Yredelemnul (3 flying skulls)
 13560 | Orc:2    | Noticed an orc high priest
 13560 | Orc:2    | Noticed an orc high priest
 13561 | Orc:2    | Noticed an orc warlord
 13577 | Orc:2    | Killed an orc high priest
 13594 | Orc:2    | Killed an orc high priest
 14245 | Orc:1    | Your ally Urug died
 14246 | Orc:1    | Reached skill level 1 in Evocations
 14268 | Orc:1    | Killed an orc warlord
 14686 | Orc:2    | Noticed an orc high priest
 14699 | Orc:2    | Killed an orc high priest
 14726 | Orc:2    | Received a gift from Yredelemnul (5 flying skulls)
 14777 | Orc:2    | Found Cegouwid's Antique Armour Shoppe.
 14778 | Orc:2    | Found Melof's Antique Weapon Emporium.
 14780 | Orc:2    | Found Huink's General Store.
 14780 | Orc:2    | Found Qistrop Romea's Book Shoppe.
 14792 | Orc:2    | Noticed an orc high priest
 14811 | Orc:2    | HP: 2/88 [sun demon[an orc high priest] (12)]
 14815 | Orc:2    | Killed an orc high priest
 15277 | Orc:2    | Received a gift from Yredelemnul (a phantasmal warrior)
 15494 | Lair:1   | Entered Level 1 of the Lair of Beasts
 16037 | Lair:1   | Gained mutation: You are completely covered in sharp spines. [demonic ancestry]
 16037 | Lair:1   | Reached XP level 13. HP: 93/93 MP: 19/19
 16107 | Lair:1   | Noticed Nergalle
 16129 | Lair:1   | Killed Nergalle
 16743 | Lair:2   | Found a staircase to the Snake Pit.
 16927 | Lair:2   | Reached skill level 14 in Long Blades
 17032 | Lair:2   | Got a smoking falchion
 17033 | Lair:2   | Identified the cursed +1 falchion "Puloxatil" {freeze, Stlth+} (You found it on level 2 of the Lair of Beasts)
 17282 | Lair:2   | Received a gift from Yredelemnul (4 flying skulls)
 18164 | Lair:3   | Received a gift from Yredelemnul (a vampire)
 18712 | Lair:4   | Reached skill level 1 in Dodging
 18712 | Lair:4   | Reached skill level 5 in Evocations
 18803 | Lair:4   | Reached skill level 1 in Throwing
 18960 | Lair:4   | Received a gift from Yredelemnul (a vampire)
 19232 | Lair:4   | Found a staircase to the Swamp.
 19609 | Lair:5   | Reached ****** piety under Yredelemnul
 20314 | Lair:6   | Entered Level 6 of the Lair of Beasts
 20344 | Lair:6   | Got a transparent scimitar
 20345 | Lair:6   | Identified the cursed +2 scimitar of the Scavenger {slice, rPois MR+} (You found it on level 6 of the Lair of Beasts)
 20415 | Lair:6   | Found a labyrinth entrance.
 20475 | Lair:6   | Got an ichor-stained robe
 20486 | Lair:6   | Identified the +1 robe of the Endless Queens {rCorr Str-2 Dex+4} (You found it on level 6 of the Lair of Beasts)
 20573 | Lair:6   | Noticed Nessos
 20583 | Lair:6   | Received a gift from Yredelemnul (a skeletal warrior)
 20589 | Lair:6   | Reached XP level 14. HP: 81/104 MP: 19/21
 20607 | Lair:6   | Found a staircase to the Slime Pits.
 20617 | Lair:6   | Killed Nessos
 20626 | Lair:6   | Found a viscous altar of Jiyva.
 20803 | Lab      | Entered a labyrinth
 21238 | Lab      | Got a dazzling ring mail
 21277 | Lair:6   | Your ally Nessos died
 21284 | Lair:6   | Identified the +5 ring mail of the Lich-sworn {Str+3} (You took it off a minotaur in a labyrinth)
 21288 | Lair:6   | Received a gift from Yredelemnul (a ghoul)
 21318 | Lair:6   | Identified the Incunabulum of the Rocks
 22852 | D:12     | Received a gift from Yredelemnul (a flayed ghost)
 23048 | D:13     | Found a stormy altar of Qazlal.
 23086 | D:13     | Received a gift from Yredelemnul (a skeletal warrior)
 23102 | D:13     | Noticed a ghoul
 23114 | D:13     | Killed a ghoul
 23130 | D:13     | Reached skill level 5 in Dodging
 23641 | D:13     | Found a gate to the Vaults.
 23646 | D:13     | Reached skill level 10 in Fighting
 23651 | D:13     | Received a gift from Yredelemnul (a bone dragon)
 23793 | D:14     | Noticed Snorg
 23799 | D:14     | Killed Snorg
 23957 | D:14     | Found a shattered altar of Ashenzari.
 24123 | D:14     | Noticed Kirke
 24133 | D:14     | Killed Kirke
 24271 | D:14     | Received a gift from Yredelemnul (a flayed ghost)
 24337 | D:15     | Entered Level 15 of the Dungeon
 24504 | D:15     | Reached XP level 15. HP: 114/117 MP: 22/22
 24543 | D:15     | Reached skill level 5 in Throwing
 25194 | D:15     | Received a gift from Yredelemnul (a phantasmal warrior)
 25502 | D:15     | Got a slimy robe
 25513 | D:15     | Identified the +2 robe of Faaschewkarph {Int+3} (You found it on level 15 of the Dungeon)
 25693 | D:15     | Got a polished chain mail
 25704 | D:15     | Identified the +0 chain mail of the Merchant {Regen+ Str+4} (You found it on level 15 of the Dungeon)
 25904 | D:15     | Received a gift from Yredelemnul (a vampire knight)
 26145 | D:15     | Found a staircase to the Depths.
 26495 | Snake:1  | Entered Level 1 of the Snake Pit
 26629 | Snake:1  | Received a gift from Yredelemnul (a vampire)
 27419 | Snake:2  | Noticed a nagaraja
 27427 | Snake:2  | Received a gift from Yredelemnul (a vampire)
 27438 | Snake:2  | Killed a nagaraja
 27517 | Snake:2  | Found a burning altar of Makhleb.
 27579 | Snake:2  | Received a gift from Yredelemnul (a skeletal warrior)
 27876 | Snake:2  | Got a fine scale mail
 27887 | Snake:2  | Identified the +5 scale mail "Aneaf" {+Fly rN+ Dex-3} (You found it on level 2 of the Snake Pit)
 27960 | Snake:2  | Received a gift from Yredelemnul (a phantasmal warrior)
 27993 | Snake:2  | Noticed Aizul
 28008 | Snake:2  | Killed Aizul
 28404 | Snake:2  | Received a gift from Yredelemnul (a vampire knight)
 28506 | Snake:3  | Noticed a nagaraja
 28524 | Snake:3  | Killed a nagaraja
 29002 | Snake:3  | Noticed Nikola
 29009 | Snake:3  | Killed from afar by Nikola

Skill      XL: |  1  2  3  4  5  6  7  8  9 10 11 12 13 14 15 |
---------------+----------------------------------------------+-----
Long Blades    | 2 3 4 5 7 8 10 12 13 14 | 14.0
Shields        | 3 4 6 7 8 9 |  9.2
Invocations    | 2 8 10 12 13 | 13.8
Armour         | 3 5 6 7 9 |  9.6
Fighting       | 5 6 7 10 11 | 11.8
Evocations     | 3 6 8 9 |  9.3
Dodging        | 3 6 7 |  7.7
Throwing       | 2 4 5 |  5.1

Action                   |  1- 3 |  4- 6 |  7- 9 | 10-12 | 13-15 || total
-------------------------+-------+-------+-------+-------+-------++-------
Melee: Long sword        |   100 |   148 |   216 |   602 |   677 ||  1743
       Kick              |       |       |    64 |   241 |   429 ||   734
       Scimitar          |       |       |       |       |   335 ||   335
Throw: Tomahawk          |     5 |       |       |       |       ||     5
       Javelin           |       |     7 |     8 |       |       ||    15
Invok: Animate Remains   |       |       |     9 |    11 |       ||    20
       Animate Dead      |       |       |       |    44 |    88 ||   132
       Recall Undead Sla |       |       |       |    11 |    13 ||    24
       Drain Life        |       |       |       |       |     3 ||     3
Evoke: Wand              |       |       |       |     1 |     3 ||     4
       Lamp of fire      |       |       |       |       |     1 ||     1
  Use: Potion            |       |     3 |     1 |    17 |     4 ||    25
       Scroll            |       |     9 |    17 |     7 |    13 ||    46
 Stab: Distracted        |       |     1 |       |     7 |    19 ||    27
       Confused          |       |       |       |       |     2 ||     2
  Eat: Fruit             |     1 |     4 |     1 |     6 |    23 ||    35
       Chunk             |       |     8 |    15 |    25 |    38 ||    86
       Meat ration       |       |       |       |     4 |     1 ||     5
       Bread ration      |       |       |       |       |     1 ||     1
Armor: Scale mail        |    43 |    40 |       |    23 |     6 ||   112
       Chain mail        |       |    45 |   105 |   218 |   382 ||   750
       Skin              |       |       |       |     5 |     2 ||     7
       Ring mail         |       |       |       |       |     1 ||     1
Dodge: Dodged            |    19 |    29 |    25 |    78 |   278 ||   429
       Deflected         |       |       |     1 |     8 |    23 ||    32
Block: Shield            |    40 |    77 |    86 |   320 |   241 ||   764
       Reflection        |       |       |       |    11 |    36 ||    47
       Buckler           |       |       |       |       |   289 ||   289
       Rpst.: Long sword |     7 |     8 |    10 |    22 |    34 ||    81
       Scimitar          |       |       |       |       |    29 ||    29
